 Dungeon Crawl Stone Soup version 0.28.0-53-g5a82cb258f (webtiles) character file.

Game seed: 3151566036368647160

3768 jjjjhere the Cleaver (level 9, -4/82 HPs)
             Began as a Deep Dwarf Monk on June 27, 2022.
             Was a Priest of Makhleb.
             Slain by an orc warrior
             ... wielding a +0 halberd
              (21 damage)
             ... in a bailey on July 3, 2022.
             The game lasted 00:15:49 (7252 turns).

jjjjhere the Cleaver (Deep Dwarf Monk)              Turns: 7252, Time: 00:15:49

Health: -4/82      AC:  8    Str: 19    XL:     9   Next: 94%
Magic:  4/4        EV: 10    Int: 11    God:    Makhleb [***...]
Gold:   445        SH: 10    Dex: 15    Spells: 8/8 levels left

rFire   + . .      SeeInvis .   y - +0 war axe
rCold   . . .      Faith    .   z - +0 kite shield
rNeg    . . .      Spirit   .   x - +1 ring mail of Mumblety Peg {rF+}
rPois   .          Reflect  .   j - +1 helmet
rElec   .          Harm     .   (no cloak)
rCorr   .          Rampage  .   (no gloves)
Will    +....                   (no boots)
Stlth   +.........              (no amulet)
HPRegen 0.00/turn               (no ring)
MPRegen 0.09/turn               (no ring)

@: no status effects
A: damage resistance, heal wounds, sense surroundings 2, no regeneration
a: Heal Wounds, Renounce Religion, Minor Destruction, Lesser Servant of Makhleb


You were in a bailey.
You worshipped Makhleb.
Makhleb was most pleased with you.
You visited 2 branches of the dungeon, and saw 9 of its levels.
You also visited: Ossuary and Bailey.

You collected 445 gold pieces.

Inventory:

Hand Weapons
 a - a +1 hand axe
 q - a +2 morningstar
 y - a +0 war axe (weapon)
Missiles
 m - 21 poisoned darts (quivered)
 A - 6 boomerangs of dispersal
Armour
 b - a +0 robe
 g - a +0 scale mail
 j - a +1 helmet (worn)
 x - the +1 ring mail of Mumblety Peg (worn) {rF+}
   (You found it on level 6 of the Dungeon)

   rF:        It protects you from fire.
 z - a +0 kite shield (worn)
Jewellery
 d - an amulet of guardian spirit
 u - an amulet of magic regeneration
 w - a ring of magical power
Wands
 c - a wand of acid (1)
 n - a wand of polymorph (7)
Scrolls
 e - a scroll of vulnerability
 h - 3 scrolls of fear
 o - a scroll of torment
 p - 2 scrolls of magic mapping
 s - a scroll of blinking
Potions
 f - 2 potions of heal wounds
 i - a potion of resistance
 k - 9 potions of curing
 l - 3 potions of flight
 r - 3 potions of attraction
 t - 3 potions of brilliance
 v - a potion of cancellation


   Skills:
 - Level 6.2 Fighting
 + Level 12.5 Axes
 - Level 3.2 Dodging
 - Level 2.4 Stealth
 + Level 5.6 Shields
 - Level 4.6 Invocations


You had 8 spell levels left.
You didn't know any spells.
Your spell library contained the following spells:

 Spells                   Type           Power      Damage    Failure   Level
 Animate Skeleton         Necr           0%         N/A       86%         1
 Apportation              Tloc           0%         N/A       86%         1
 Foxfire                  Conj/Fire      0%         2x1d4     86%         1
 Magic Dart               Conj           0%         1d3       86%         1
 Pain                     Necr           0%         1d4       86%         1
 Summon Small Mammal      Summ           0%         N/A       86%         1
 Corpse Rot               Necr/Air       0%         N/A       95%         2
 Poisonous Vapours        Pois/Air       0%         N/A       95%         2
 Searing Ray              Conj           0%         2d4       95%         2
 Sublimation of Blood     Necr           0%         N/A       95%         2
 Call Canine Familiar     Summ           0%         N/A       99%         3
 Conjure Flame            Conj/Fire      0%         6-21      99%         3
 Frozen Ramparts          Ice            0%         1d2       99%         3
 Inner Flame              Hex/Fire       0%         N/A       99%         3
 Summon Guardian Golem    Hex/Summ       0%         N/A       99%         3
 Flame Wave               Conj/Fire      0%         2d4       100%        4
 Fulminant Prism          Conj/Hex       0%         3d6       100%        4
 Hailstorm                Conj/Ice       0%         3d3       100%        4
 Ice Form                 Ice/Tmut       0%         N/A       100%        4
 Petrify                  Tmut/Erth      0%         N/A       100%        4
 Summon Ice Beast         Ice/Summ       0%         N/A       100%        4
 Agony                    Necr           0%         N/A       100%        5
 Excruciating Wounds      Necr           0%         N/A       100%        5
 Irradiate                Conj/Tmut      0%         3d13      100%        5
 Summon Forest            Summ/Tloc      0%         N/A       100%        5
 Summon Mana Viper        Hex/Summ       0%         N/A       100%        5
 Simulacrum               Ice/Necr       0%         N/A       100%        6
 Summon Cactus Giant      Summ           0%         N/A       100%        6


Dungeon Overview and Level Annotations

Branches:
Dungeon (8/15)             Temple (1/1) D:5         Ossuary (visited)
 Bailey (1/1)
   Lair: D:8-11

Altars:
Cheibriados
Elyvilon
Gozag
Kikubaaqudgha
Makhleb
Ru
Uskayaw
Vehumet
Yredelemnul

Annotations:
D:6 exclusion: 2 doors
D:7 1 runed translucent door, Crazy Yiuf Bailey 2 runed translucent doors


Innate Abilities, Weirdness & Mutations

You are resistant to damage.
You can heal yourself by infusing magical energy.
You passively map the area around you.
You do not regenerate.


Message History

Makhleb accepts your kill.
You feel better.
The bolt of acid hits the orc warrior.
The acid corrodes the orc warrior!
The orc warrior is lightly wounded.
The orc knight hits you from afar with a +0 halberd.
You block the orc knight's attack.
An orc warrior comes into view. It is wielding a +0 halberd.
The orc closely misses you.
You barely miss the orc knight.
The orc knight is heavily wounded.
You barely miss the orc warrior. You block the orc's attack.
You block the orc warrior's attack.
You closely miss the orc knight.
The orc knight is heavily wounded.
You hit the orc warrior.
The orc warrior no longer looks unusually strong.
You block the orc knight's attack. You block the orc's attack.
You block the orc warrior's attack. The orc warrior closely misses you.
You hit the orc knight.
The orc knight is heavily wounded.
You hit the orc warrior but do no damage.
You block the orc knight's attack. The orc barely misses you.
The orc warrior barely misses you.
You barely miss the orc knight.
The orc knight is heavily wounded.
You closely miss the orc warrior. You block the orc warrior's attack.
The orc knight hits you with a +0 halberd!
The orc closely misses you.
The orc warrior hits you with a +0 halberd!
The orc warrior hits you from afar with a +0 glaive!
* * * LOW HITPOINT WARNING * * *
The orc knight hits you with a +0 halberd!
* * * LOW HITPOINT WARNING * * *
You block the orc warrior's attack.
Your magical essence is drained by the effort!
You feel much better.
The orc knight roars a battlecry!
The orcs go into a battle-frenzy!
The orc warrior hits you from afar with a +0 halberd!!
You die...

#..########oo#
##.oo8....8)..##
#..o........)..#**
** .####')####..# ,
####....)...#### ,
≈
,.......o)........,
≈ ≈
......oooo..♣.... *
≈ ≈≈...#.o..#...♣♣♣
* ≈
≈≈≈≈≈#.@..#≈≈≈≈≈♣ *
**
≈≈≈≈≈#....#≈≈≈≈≈≈≈*
, ≈≈≈≈
#....#≈≈≈≈≈≈≈
.≈≈≈≈#....#≈≈≈≈≈≈
,, ...#....#....≈≈
* ..............≈ *
*.♣♣.......♣.♣..
*.♣............♣
*............###


You could see an orc knight (corroded), 3 orc warriors and 2 orcs.

Vanquished Creatures
  Pikel (D:7)
  A vampire mosquito (D:6)
  2 water moccasins (D:6)
  4 orc warriors (Bailey)
  An ice beast (D:6)
  3 necrophages
  A sky beast (D:6)
  2 ogres
  3 centaurs
  2 phantoms
  A lemure (D:7)
  3 elf zombies (Ossuary)
  A bullfrog (D:7)
  A gnoll sergeant (D:4)
  A scorpion (D:5)
  4 howler monkeys
  5 wights
  A bullfrog zombie (D:6)
  A centaur zombie (D:6)
  2 orc priests (D:6)
  A centaur skeleton (D:6)
  6 hounds
  Jessica (D:2)
  4 iguanas
  4 orc wizards
  A killer bee zombie (D:6)
  2 mummies (Ossuary)
  2 howler monkey zombies
  Robin (D:3)
  3 gnolls (D:4)
  4 adders
  A shadow imp (D:7)
  A white imp (D:6)
  An ufetubus (D:7)
  An adder zombie (Ossuary)
  3 worms
  4 dart slugs
  10 orcs
  5 endoplasms
  3 giant cockroaches
  17 goblins
  12 hobgoblins
  2 jackals (D:1)
  4 quokkas
  5 ball pythons
  4 bats
  2 frilled lizards
  A goblin zombie (Ossuary)
  9 hobgoblin zombies (Ossuary)
  3 jackal zombies (Ossuary)
  4 kobolds
  11 kobold zombies (Ossuary)
  7 orc zombies (Ossuary)
  A rat (D:3)
  2 rat zombies (Ossuary)
182 creatures vanquished.

Vanquished Creatures (others)
  9 demonic plants (D:1)
  A fungus (D:1)
  A plant (D:1)
  3 withered plants (D:1)
14 creatures vanquished.

Grand Total: 196 creatures vanquished

Notes
Turn   | Place    | Note
-------+----------+-------------------------------------------
     0 | D:1      | jjjjhere the Deep Dwarf Monk began the quest for the Orb.
     0 | D:1      | Reached XP level 1. HP: 20/20 MP: 1/1
   294 | D:1      | Reached XP level 2. HP: 27/27 MP: 2/2
   504 | D:1      | Found a faded altar of an unknown god.
   903 | D:1      | Reached skill level 4 in Axes
  1239 | D:2      | Reached XP level 3. HP: 20/34 MP: 3/3
  1361 | D:2      | Noticed Jessica
  1366 | D:2      | Killed Jessica
  1422 | D:2      | Reached skill level 5 in Axes
  1424 | D:2      | Reached XP level 4. HP: 16/42 MP: 4/4
  1548 | D:2      | HP: 13/42 [ball python (1)]
  1582 | D:2      | HP: 10/42 [worm (3)]
  1799 | D:3      | Noticed Robin
  1832 | D:3      | Killed Robin
  1837 | D:3      | HP: 12/42 [hobgoblin[Robin] (2)]
  1842 | D:3      | HP: 11/42 [hobgoblin[Robin] (1)]
  1975 | D:3      | Reached XP level 5. HP: 23/49 MP: 5/5
  2109 | D:3      | HP: 5/49 [something (12)]
  2114 | D:3      | HP: 15/49 [something (18)]
  2117 | D:3      | You fall into a shaft and drop 2 floors!
  2117 | D:5      | Entered Level 5 of the Dungeon
  2246 | D:5      | Reached skill level 6 in Axes
  2379 | D:4      | Reached XP level 6. HP: 30/56 MP: 6/6
  2387 | D:4      | Reached skill level 7 in Axes
  2390 | D:4      | HP: 6/55 [wight/+2 morningstar (13)]
  2395 | D:4      | HP: 9/53 [wight/+2 morningstar (4)]
  2549 | D:4      | Found a sand-covered staircase.
  2553 | Ossuary  | Entered an ossuary
  2771 | Ossuary  | HP: 14/57 [mummy (10)]
  2790 | Ossuary  | Reached skill level 8 in Axes
  2810 | Ossuary  | HP: 17/57 [elf zombie (2)]
  2817 | Ossuary  | Reached XP level 7. HP: 50/63 MP: 5/5
  3004 | D:4      | HP: 21/64 [gnoll sergeant/+0 trident (4)]
  3013 | D:4      | HP: 18/64 [gnoll sergeant/+0 trident (3)]
  3028 | D:4      | Reached skill level 9 in Axes
  3033 | D:4      | HP: 19/64 [gnoll/+0 whip (3)]
  3049 | D:4      | HP: 21/64 [gnoll/+0 halberd (4)]
  3164 | D:4      | HP: 21/64 [phantom (3)]
  3375 | D:4      | Reached XP level 8. HP: 55/72 MP: 4/4
  3864 | D:5      | Found a staircase to the Ecumenical Temple.
  3870 | Temple   | Entered the Ecumenical Temple
  4021 | Temple   | Became a worshipper of Makhleb the Destroyer
  4021 | Temple   | Reached * piety under Makhleb
  4021 | Temple   | Reached ** piety under Makhleb
  4255 | D:5      | Reached skill level 10 in Axes
  4409 | D:5      | Reached skill level 1 in Invocations
  4828 | D:6      | Reached skill level 5 in Fighting
  4932 | D:6      | HP: 24/74 [bullfrog zombie (2)]
  5274 | D:6      | Noticed a manticore
  5295 | D:6      | Gained mutation: You passively map the area around you.
                  | [Deep Dwarf growth]
  5295 | D:6      | Reached XP level 9. HP: 41/82 MP: 8/8
  5304 | D:6      | HP: 26/82 [vampire mosquito (3)]
  5318 | D:6      | HP: 24/82 [vampire mosquito (9)]
  5331 | D:6      | HP: 24/82 [vampire mosquito (6)]
  5339 | D:6      | HP: 27/82 [vampire mosquito (5)]
  5349 | D:6      | HP: 27/82 [vampire mosquito (7)]
  5354 | D:6      | HP: 19/82 [vampire mosquito (7)]
  5362 | D:6      | HP: 25/82 [vampire mosquito (5)]
  5368 | D:6      | Reached skill level 11 in Axes
  5553 | D:6      | Identified the +1 ring mail of Mumblety Peg {rF+}
  6072 | D:7      | HP: 24/81 [iguana (4)]
  6105 | D:7      | Found a runed translucent door.
  6106 | D:7      | Noticed Crazy Yiuf
  6167 | D:7      | Noticed Pikel
  6182 | D:7      | Killed Pikel
  6567 | D:7      | Reached skill level 12 in Axes
  7069 | D:8      | Identified the +8 quarterstaff "Isuid" {vorpal, Will+ rCorr
                  | Str+4 Stlth-}
  7139 | D:8      | Found a flagged portal.
  7151 | Bailey   | Entered a bailey
  7179 | Bailey   | Reached skill level 5 in Shields
  7215 | Bailey   | Found a large runed translucent door.
  7215 | Bailey   | Found a large runed translucent door.
  7216 | Bailey   | Noticed a deep elf pyromancer
  7217 | Bailey   | Noticed an orc knight
  7244 | Bailey   | Reached *** piety under Makhleb
  7250 | Bailey   | HP: 25/82 [orc warrior/+0 halberd (10)]
  7251 | Bailey   | HP: 2/82 [orc knight/+0 halberd (13)]
  7252 | Bailey   | Slain by an orc warrior

Illustrated notes

Levels and vault maps discovered:
D:1:      minmay_arrival_split_and_join, layout_basic,
          shapermc_ecumenical_altar_gd
D:2:      layout_rooms, uniq_jessica
D:3:      layout_rooms, uniq_robin
D:4:      layout_basic, lightli_ossuary_entry_decrepit_ruins,
          minmay_fractal_squares_gapless_5
D:5:      layout_basic, temple_green
D:6:      minmay_chambers_of_sixes, layout_loops_ring
D:7:      layout_loops_corners, uniq_crazy_yiuf_cottage, uniq_pikel
D:8:      gammafunk_wand_slinger, layout_cave_pods, enter_bailey_3,
          chequers_serial_rivers_micro_b, minmay_misc_feat_pillars,
          grunt_decor_one_mirror, minmay_misc_feat_chi, amcnicky_mini_pool_small
Temple:   mainiacjoe_temple_big_plus
Bailey:   bailey_polearm_elven_captive_hellmonk, bailey

Skill      XL: |  1  2  3  4  5  6  7  8  9 |
---------------+----------------------------+-----
Axes           | 4 5 6 8 9 10 12 | 12.5
Fighting       | 3 4 5 6 |  6.2
Invocations    | 4 |  4.6
Shields        | 5 |  5.6
Dodging        | |  3.2
Stealth        | |  2.4

Action                   |  1- 3 |  4- 6 |  7- 9 || total
-------------------------+-------+-------+-------++-------
Melee: Hand axe          |    63 |   302 |   402 ||   767
       Punch             |     1 |     3 |    12 ||    16
       Morningstar       |       |     3 |       ||     3
       War axe           |       |       |   136 ||   136
Throw: Boomerang         |    28 |    34 |    14 ||    76
       Dart              |       |       |     8 ||     8
 Abil: Heal Wounds       |       |    13 |    19 ||    32
Evoke: Wand              |       |       |     5 ||     5
  Use: Scroll            |       |       |    13 ||    13
       Potion            |       |       |     4 ||     4
 Stab: Sleeping          |     3 |       |       ||     3
       Invisible         |       |       |     4 ||     4
Armor: Robe              |    10 |       |       ||    10
       Scale mail        |     1 |   114 |   142 ||   257
       Ring mail         |       |       |    41 ||    41
Dodge: Dodged            |    47 |   140 |   240 ||   427
Block: Kite shield       |       |       |    82 ||    82
